[Event "*** SCC Grand Prix: Titled Tuesday Blitz"]
[Site "Chess.com"]
[Date "2020.10.06"]
[Round "3"]
[White "chenxiaoyuer"]
[Black "MITerryble"]
[Result "0-1"]
[WhiteElo "2475"]
[BlackElo "2960"]
[TimeControl "180+1"]
[EndTime "10:25:26 PDT"]
[Termination "MITerryble won by resignation"]

1. e4 e6 2. d4 d5 3. Nd2 Be7 4. Ngf3 Nf6 5. e5 Nfd7 6. Bd3 c5 7. c3 Nc6 8. O-O g5 9. dxc5 g4 10. Nd4 Ncxe5 11. Bb5 a6 12. Bxd7+ Bxd7 13. Qe2 Ng6 14. f4 gxf3 15. Qxf3 f5 16. N2b3 O-O 17. Re1 Qc8 18. Kh1 Rf7 19. Bf4 Bf6 20. Bd6 e5 21. Ne2 Be6 22.
Rad1 Nh4 23. Qf2 Ng6 24. Ng3 Bh4 25. Qf3 f4 26. Rxd5 fxg3 27. Qe4 Bxd5 28. Qxd5 0-1

[Event "*** SCC Grand Prix: Titled Tuesday Blitz"]
[Site "Chess.com"]
[Date "2020.10.06"]
[Round "3"]
[White "pastouche06"]
[Black "SergeyKarjakin"]
[Result "0-1"]
[WhiteElo "2475"]
[BlackElo "2931"]
[TimeControl "180+1"]
[EndTime "10:25:27 PDT"]
[Termination "SergeyKarjakin won by checkmate"]

1. d4 Nf6 2. c4 c5 3. d5 b5 4. cxb5 a6 5. bxa6 g6 6. Nc3 Bxa6 7. e4 Bxf1 8. Kxf1 d6 9. g3 Bg7 10. Kg2 O-O 11. Nf3 Nbd7 12. a4 Qa5 13. Bd2 Rfb8 14.
Nb5 Qd8 15. Qc2 Ne8 16. Bc3 Nc7 17. Nxc7 Qxc7 18. Bxg7 Kxg7 19. Nd4 Qb6 20. Nb5 Qa5 21. h4 h5 22. b3 Qb4 23. Rac1 Ne5 24. f4 Ng4 25.
Kf3 f6 26. Qc3 Rxb5 27. axb5 Ra2 28. Qxb4 Rf2# 0-1

[Event "*** SCC Grand Prix: Titled Tuesday Blitz"]
[Site "Chess.com"]
[Date "2020.10.06"]
[Round "3"]
[White "sopo-tereladze"]
[Black "pfalcon1949"]
[Result "1-0"]
[WhiteElo "2305"]
[BlackElo "2013"]
[TimeControl "180+1"]
[EndTime "10:25:27 PDT"]
[Termination "sopo-tereladze won by checkmate"]

1. e4 c6 2. d4 d5 3. Nc3 dxe4 4. Nxe4 Nf6 5. Nxf6+ exf6 6. Nf3 Bd6 7. Bd3 O-O 8. Be3 Re8 9. Qd2 h5 10. O-O-O Be6 11.
Kb1 Nd7 12. h3 Nf8 13. Rdg1 Qc7 14. g4 hxg4 15. hxg4 c5 16. Bh6 Ng6 17. Bxg6 fxg6 18. d5 Bf7 19. Rh3 Re4 20. Rgh1 Kf8 21. Bxg7+ Ke7 22.
Bxf6+ Kxf6 23. Qg5+ Kg7 24. Rh7+ Kf8 25. Rh8+ Bg8 26. Qf6+ Qf7 27. Rxg8+ Kxg8 28. Rh8# 1-0

[Event "*** SCC Grand Prix: Titled Tuesday Blitz"]
[Site "Chess.com"]
[Date "2020.10.06"]
[Round "3"]
[White "TudorAnton"]
[Black "gumimis"]
[Result "1-0"]
[WhiteElo "2503"]
[BlackElo "2251"]
[TimeControl "180+1"]
[EndTime "10:25:30 PDT"]
[Termination "TudorAnton won by checkmate"]

1. e4 c5 2. Nf3 d6 3. d4 cxd4 4. Nxd4 Nf6 5. Nc3 a6 6. Bg5 e6 7.
f4 h6 8. Bh4 Qb6 9. e5 dxe5 10.
fxe5 Qxb2 11. Na4 Bb4+ 12. Kf2 Ne4+ 13. Kg1 Qa3 14. Bd3 Nc3 15. Nxc3 Bxc3 16. Nf3 Bxa1 17. Qxa1 O-O 18. Bf2 Nc6 19. h4 f6 20. exf6 Rxf6 21. h5 e5 22. Rh4 Bf5 23. Bc4+ Kh8 24. Bb3 e4 25. Nd4 Raf8 26. Nxc6 bxc6 27. Bd4 Rd6 28. Bxg7+ Kh7 29. Bxf8 Qc5+ 30. Kh1 Rd1+ 31. Qxd1 Qxf8 32. Rf4 Qc5 33. Qf1 e3 34. Rxf5 e2 35. Rf7+ Kg8 36. Rf8+ Kg7 37. Qf7# 1-0

[Event "*** SCC Grand Prix: Titled Tuesday Blitz"]
[Site "Chess.com"]
[Date "2020.10.06"]
[Round "3"]
[White "Colombiano07"]
[Black "Falcon28dz"]
[Result "0-1"]
[WhiteElo "2338"]
[BlackElo "2213"]
[TimeControl "180+1"]
[EndTime "10:25:33 PDT"]
[Termination "Falcon28dz won by resignation"]

1. d4 Nf6 2. Nc3 e6 3. e4 d5 4. Bg5 Be7 5. e5 Nfd7 6. Bxe7 Qxe7 7. f4 a6 8. Nf3 c5 9. Qd2 Nc6 10. O-O-O b5 11. dxc5 Nxc5 12. Bd3 O-O 13. Kb1 b4 14. Ne2 a5 15. g4 Ba6 16. Bxa6 Rxa6 17. Ned4 Rb8 18. Nxc6 Rxc6 19. Nd4 Rcc8 20. f5 Ne4 21. Qf4 Nc3+ 22. Ka1 Nxd1 23. Rxd1 a4 24. f6 Qf8 25. g5 Rc4 26. Kb1 b3 27. c3 bxa2+ 28. Ka1 a3 29. Rd2 axb2+ 30. Rxb2 Rxb2 31. Kxb2 Qb8+ 0-1

[Event "*** SCC Grand Prix: Titled Tuesday Blitz"]
[Site "Chess.com"]
[Date "2020.10.06"]
[Round "3"]
[White "m_ezat"]
[Black "emiliocordova"]
[Result "0-1"]
[WhiteElo "2550"]
[BlackElo "2784"]
[TimeControl "180+1"]
[EndTime "10:25:35 PDT"]
[Termination "emiliocordova won on time"]

1. d4 Nf6 2. c4 e6 3. Nc3 Bb4 4.
e3 O-O 5. a3 Bxc3+ 6. bxc3 d5 7. cxd5 exd5 8. Bd3 b6 9. f3 Ba6 10. Ne2 Bxd3 11. Qxd3 Re8 12. O-O c5 13. Ng3 Nc6 14.
Ra2 Rc8 15. Raf2 Rc7 16. Bb2 Na5 17. e4 cxd4 18. cxd4 dxe4 19. fxe4 Ng4 20. Rf3 Nc4 0-1

[Event "*** SCC Grand Prix: Titled Tuesday Blitz"]
[Site "Chess.com"]
[Date "2020.10.06"]
[Round "3"]
[White "ClydeHillKid"]
[Black "akanga001"]
[Result "0-1"]
[WhiteElo "2333"]
[BlackElo "1881"]
[TimeControl "180+1"]
[EndTime "10:25:36 PDT"]
[Termination "akanga001 won by resignation"]

1. e4 e5 2. Nf3 Nc6 3. Bc4 Nf6 4. d3 Bc5 5. c3 d6 6. Nbd2 O-O 7. h3 Be6 8. O-O a6 9. Bxe6 fxe6 10. Qb3 Qe8 11. Qxb7 d5 12. Qb3 Rb8 13. Qa4 Nh5 14. b4 Bb6 15. Qxa6 Qg6 16. Kh1 Nf4 17. Ne1 Qh5 18. Ndf3 Nxh3 19. gxh3 Qxh3+ 20. Nh2 Bxf2 21. Qb6 Bxb6 0-1

[Event "*** SCC Grand Prix: Titled Tuesday Blitz"]
[Site "Chess.com"]
[Date "2020.10.06"]
[Round "3"]
[White "Shield12"]
[Black "frederiksvane"]
[Result "1-0"]
[WhiteElo "2847"]
[BlackElo "2657"]
[TimeControl "180+1"]
[EndTime "10:25:38 PDT"]
[Termination "Shield12 won by resignation"]

1. e4 c5 2. Nf3 g6 3. d4 cxd4 4. Nxd4 Bg7 5. Nc3 Nc6 6. Be3 Nf6 7. Nxc6 bxc6 8. e5 Ng8 9. Bd4 Rb8 10. Bc4 Qc7 11.
Qe2 Nh6 12. g4 O-O 13. h3 d5 14. exd6 exd6 15. Bxg7 Kxg7 16. O-O-O d5 17. Bb3 Bd7 18. Qe3 Rfe8 19. Qc5 Qf4+ 20. Kb1 Qb4 21. Qxa7 Rb7 22.
Qd4+ Qxd4 23. Rxd4 f5 24. g5 Nf7 25. h4 Nd6 26.
Kc1 Ne4 27. Nd1 Be6 28. Re1 c5 29. Bxd5 Rd7 30. Rdxe4 fxe4 31. Bc6 Ree7 32. Bxd7 Bxd7 33. f3 Bc6 34. fxe4 Rxe4 35. Rxe4 Bxe4 36. Nf2 Bd5 37. Nd3 Bxa2 38. Nxc5 Kf7 39. b3 1-0

[Event "*** SCC Grand Prix: Titled Tuesday Blitz"]
[Site "Chess.com"]
[Date "2020.10.06"]
[Round "3"]
[White "mitrabhaa"]
[Black "LedakovAlexandr"]
[Result "1-0"]
[WhiteElo "2683"]
[BlackElo "2440"]
[TimeControl "180+1"]
[EndTime "10:25:40 PDT"]
[Termination "mitrabhaa won by resignation"]

1. Nf3 Nc6 2. d4 d6 3. c4 g6 4. h4 Nf6 5. Bg5 Bg7 6. Bxf6 Bxf6 7. h5 g5 8. e3 h6 9. Nc3 Bg7 10. Bd3 e6 11. a3 f5 12. Qc2 O-O 13. O-O-O Bd7 14.
Qe2 a5 15. g4 a4 16. Nd2 Na5 17. Rhg1 f4 18. Bb1 f3 19. Qd3 Rf6 20. Qh7+ Kf8 21. Bg6 Nb3+ 22. Nxb3 axb3 23. Ne4 Qe7 24. Nxf6 Qxf6 25.
Rg3 Ke7 26. Be4 Rh8 27. Qg6 Qxg6 28. hxg6 c6 29. Rxf3 d5 30. Rf7+ Ke8 31. Rxg7 dxe4 32. Rh1 1-0

[Event "*** SCC Grand Prix: Titled Tuesday Blitz"]
[Site "Chess.com"]
[Date "2020.10.06"]
[Round "3"]
[White "IsaacWiebe"]
[Black "DariaVoit"]
[Result "0-1"]
[WhiteElo "2227"]
[BlackElo "2502"]
[TimeControl "180+1"]
[EndTime "10:25:41 PDT"]
[Termination "DariaVoit won by resignation"]

1. e4 Nf6 2. e5 Nd5 3. c4 Nb6 4. d4 d6 5. f4 dxe5 6. fxe5 c5 7. d5 e6 8. Nf3 exd5 9. cxd5 Qxd5 10. Qc2 Bg4 11.
Nc3 Qe6 12. Bf4 Nc6 13. Bb5 Be7 14. O-O O-O 15. Rae1 Bxf3 16. gxf3 Nd4 17. Qe4 Qg6+ 18. Qxg6 fxg6 19. Ne2 Nxe2+ 0-1

[Event "*** SCC Grand Prix: Titled Tuesday Blitz"]
[Site "Chess.com"]
[Date "2020.10.06"]
[Round "3"]
[White "manitodeplomo"]
[Black "ViktoriyaTarasova"]
[Result "1-0"]
[WhiteElo "2574"]
[BlackElo "2276"]
[TimeControl "180+1"]
[EndTime "10:25:41 PDT"]
[Termination "manitodeplomo won by resignation"]

1. d4 Nf6 2. c4 e6 3. Nf3 b6 4. g3 Ba6 5. Qc2 c5 6. d5 exd5 7. cxd5 Bb7 8. Bg2 Nxd5 9. O-O Be7 10. Ne5 Qc7 11. Qe4 Bc6 12. Nxc6 dxc6 13. Nc3 Nxc3 14. bxc3 O-O 15. Rd1 Bf6 16. Bf4 Qb7 17. Rd3 Na6 18. Rad1 Rae8 19. Qa4 b5 20. Qa5 Qb6 21. Qxb6 axb6 22.
Bxc6 Rxe2 23. Bxb5 Rxa2 24. Rd7 Ra5 25. Bc4 g5 26. Bd6 Nb8 27. Rb7 Ra4 28. Bxf8 Rxc4 29. Rxb8 1-0

[Event "*** SCC Grand Prix: Titled Tuesday Blitz"]
[Site "Chess.com"]
[Date "2020.10.06"]
[Round "3"]
[White "barriochess"]
[Black "juli2512"]
[Result "1-0"]
[WhiteElo "2309"]
[BlackElo "2044"]
[TimeControl "180+1"]
[EndTime "10:25:41 PDT"]
[Termination "barriochess won by checkmate"]

1. d4 f5 2. e4 fxe4 3. Nc3 Nf6 4.
Bg5 Nc6 5. d5 Ne5 6. Qe2 Nf7 7.
f4 g6 8. Nxe4 Nxe4 9. Qxe4 Bg7 10. O-O-O Nxg5 11. fxg5 O-O 12. Nf3 d6 13. Bd3 Bf5 14. Qe2 c6 15. Bxf5 Rxf5 16. c3 cxd5 17. Qe6+ Kh8 18. Rxd5 Qf8 19. Re1 Rxd5 20. Qxd5 Rc8 21.
Kb1 Rc6 22. Ka1 e5 23. Nd2 Qe7 24. Ne4 Bf8 25. Rf1 Kg7 26. Rf6 a6 27. a3 Qd7 28.
h3 Qc7 29. g4 b5 30. h4 a5 31. h5 b4 32. h6+ Kh8 33. Rxf8# 1-0

[Event "*** SCC Grand Prix: Titled Tuesday Blitz"]
[Site "Chess.com"]
[Date "2020.10.06"]
[Round "3"]
[White "Lupul_Cenusiu"]
[Black "PauloCesarCosta_sad"]
[Result "1-0"]
[WhiteElo "2519"]
[BlackElo "2284"]
[TimeControl "180+1"]
[EndTime "10:25:43 PDT"]
[Termination "Lupul_Cenusiu won on time"]

1. d4 d5 2. Nf3 Nf6 3. c4 c6 4. e3 e6 5. a3 Nbd7 6. Nc3 Bd6 7. Be2 O-O 8. cxd5 exd5 9. Qc2 Re8 10. Bd3 Nf8 11. h3 Qe7 12. O-O Ne4 13. Nd2 Nxd2 14. Bxd2 h6 15. Rfe1 Be6 16. f4 a6 17. Rf1 f6 18.
Rae1 Rad8 19. b4 Bf7 20. Na4 Qc7 21. Nc5 Nd7 22. Bf5 Nxc5 23. bxc5 Bf8 24. Rb1 Rb8 25.
Rb6 Be6 26. Bg6 Bf7 27. Bh7+ Kh8 28. Rfb1 Bg8 29. Bd3 Bf7 30. R1b2 1-0

[Event "*** SCC Grand Prix: Titled Tuesday Blitz"]
[Site "Chess.com"]
[Date "2020.10.06"]
[Round "3"]
[White "GM_Levan_Pantsulaia"]
[Black "Lion-Al-Messi"]
[Result "1-0"]
[WhiteElo "2797"]
[BlackElo "2534"]
[TimeControl "180+1"]
[EndTime "10:25:46 PDT"]
[Termination "GM_Levan_Pantsulaia won on time"]

1. Nf3 d5 2. g3 Nf6 3. Bg2 c6 4. c4 Bf5 5. cxd5 cxd5 6. Qb3 Qc7 7. Nc3 e6 8. O-O Be7 9. d3 Nc6 10. Bf4 e5 11. Nxd5 Nxd5 12. Qxd5 Bxd3 13. Nxe5 Nxe5 14.
Bxe5 Bc4 15. Bxc7 Bxd5 16. Bxd5 O-O 17. Bxb7 Rae8 18. e4 Bf6 19. Bd6 Be7 20. Bxe7 Rxe7 21. Bd5 Rb8 22. Rac1 g6 23. Rc2 Kg7 24. Rfc1 Kh6 25.
b3 f5 26. Rc7 Rxc7 27. Rxc7 Rd8 28. Rxa7 fxe4 29. Bxe4 Kg5 30. Rxh7 1-0

[Event "*** SCC Grand Prix: Titled Tuesday Blitz"]
[Site "Chess.com"]
[Date "2020.10.06"]
[Round "3"]
[White "rpragchess"]
[Black "Witik"]
[Result "1-0"]
[WhiteElo "2930"]
[BlackElo "2706"]
[TimeControl "180+1"]
[EndTime "10:25:47 PDT"]
[Termination "rpragchess won by resignation"]

1. Nf3 d5 2. g3 c6 3. Bg2 Bg4 4. O-O Nd7 5. d3 Ngf6 6. h3 Bh5 7.
Qe1 e5 8. e4 dxe4 9. dxe4 Be7 10. Nbd2 Qc7 11. Nh4 O-O 12. Nf5 Bc5 13. a4 Rfe8 14. Nc4 b5 15. Na5 Bf8 16. Kh1 Nc5 17. axb5 cxb5 18. Bg5 Nfd7 19. Be3 a6 20. Rc1 Rac8 21.
b4 Ne6 22. c4 bxc4 23. Rxc4 Qb8 24. Nc6 Qb5 25. Nce7+ Bxe7 26. Rxc8 Bd8 27. Nd6 1-0

[Event "*** SCC Grand Prix: Titled Tuesday Blitz"]
[Site "Chess.com"]
[Date "2020.10.06"]
[Round "3"]
[White "AndreyNeves"]
[Black "mapleaff"]
[Result "0-1"]
[WhiteElo "2210"]
[BlackElo "2370"]
[TimeControl "180+1"]
[EndTime "10:25:51 PDT"]
[Termination "mapleaff won by resignation"]

1. d4 e6 2. c4 d5 3. Nf3 Nf6 4.
g3 Be7 5. Bg2 O-O 6. O-O dxc4 7.
Qc2 b6 8. Qxc4 Bb7 9. Nc3 Nbd7 10. Bf4 c5 11. Rad1 Qc8 12. dxc5 Bxc5 13. Qb3 h6 14. Rc1 Qe8 15. Nb5 Qe7 16. Rfd1 e5 17. Be3 Rfd8 18.
Bxc5 Nxc5 19. Qc3 e4 20. Nfd4 Nd5 21. Nf5 Qg5 22. Qe5 Re8 23. Rxd5 Rxe5 24. Rxe5 Qxc1+ 25. Bf1 Qxb2 26. Nbd6 Qxe5 0-1

[Event "*** SCC Grand Prix: Titled Tuesday Blitz"]
[Site "Chess.com"]
[Date "2020.10.06"]
[Round "3"]
[White "gmpeter008"]
[Black "salomez"]
[Result "1-0"]
[WhiteElo "2367"]
[BlackElo "2199"]
[TimeControl "180+1"]
[EndTime "10:25:51 PDT"]
[Termination "gmpeter008 won by resignation"]

1. d4 Nf6 2. Bf4 g6 3. Nf3 Bg7 4. Nbd2 d6 5. g3 O-O 6. Bg2 c5 7. dxc5 dxc5 8. c3 Nc6 9. O-O h6 10. Nc4 Be6 11. Nce5 Bd5 12. c4 Be4 13. Qb3 Qc8 14.
Rfd1 Nxe5 15. Nxe5 Bxg2 16. Kxg2 Nh5 17. Qf3 Nxf4+ 18. gxf4 b6 19. Rd5 Qe6 20. b3 Rad8 21. Rad1 Rd6 22. Rxd6 exd6 23. Ng4 h5 24. Ne3 Bd4 25.
Nd5 Re8 26. e3 Bg7 27. Nc7 1-0

[Event "*** SCC Grand Prix: Titled Tuesday Blitz"]
[Site "Chess.com"]
[Date "2020.10.06"]
[Round "3"]
[White "SamuelGhimpu2003"]
[Black "Ze-Pequeno"]
[Result "1-0"]
[WhiteElo "2504"]
[BlackElo "2263"]
[TimeControl "180+1"]
[EndTime "10:25:52 PDT"]
[Termination "SamuelGhimpu2003 won by resignation"]

1. d4 Nf6 2. c4 e6 3. Nc3 Bb4 4. Qc2 d5 5. cxd5 exd5 6. Bf4 O-O 7. e3 c6 8. Nf3 Nbd7 9. Bd3 Re8 10. g4 Ne4 11.
Kf1 Bxc3 12. bxc3 Ndf6 13. h3 Qa5 14. c4 Be6 15. c5 Rac8 16. Ne5 Nd7 17. f3 Nef6 18.
g5 Nxe5 19. Bxe5 Nd7 20. Bxh7+ Kh8 21. Bd6 b6 22. Bd3 bxc5 23. Qf2 g6 24. Qh4+ Kg8 25. dxc5 Qc3 26. Qd4 Qxd4 27. exd4 Bf5 28. Ba6 Nxc5 29. dxc5 1-0

[Event "*** SCC Grand Prix: Titled Tuesday Blitz"]
[Site "Chess.com"]
[Date "2020.10.06"]
[Round "3"]
[White "Butterfly"]
[Black "doons21"]
[Result "0-1"]
[WhiteElo "2408"]
[BlackElo "2606"]
[TimeControl "180+1"]
[EndTime "10:25:53 PDT"]
[Termination "doons21 won by resignation"]

1. d4 Nf6 2. Nf3 g6 3. Nbd2 d5 4. e3 Bg7 5. b4 O-O 6. Bd3 Re8 7. O-O Nc6 8. a3 e5 9. b5 e4 10. bxc6 bxc6 11. Be2 exf3 12. Bxf3 Rb8 13. c4 h5 14. Qa4 Qd6 15. cxd5 cxd5 16. Qxa7 Ng4 17. g3 Rb6 18. Qa5 h4 19. Qxd5 hxg3 20. hxg3 Qe7 21. Qe4 Qd8 22. Qf4 Bh6 23. Nc4 Bxf4 24. exf4 Rb3 25.
Bg2 Qxd4 26. Nb2 Qh8 0-1

[Event "*** SCC Grand Prix: Titled Tuesday Blitz"]
[Site "Chess.com"]
[Date "2020.10.06"]
[Round "3"]
[White "markberk"]
[Black "BikingBrian"]
[Result "1-0"]
[WhiteElo "2398"]
[BlackElo "2201"]
[TimeControl "180+1"]
[EndTime "10:25:53 PDT"]
[Termination "markberk won by checkmate"]

1. Nf3 g6 2. e4 c5 3. d4 cxd4 4.
Qxd4 Nf6 5. e5 Nc6 6. Qa4 Nd5 7. Bb5 Bg7 8. O-O O-O 9. Bxc6 dxc6 10. Qh4 e6 11. Bg5 Qc7 12. c4 Nb6 13. Bf6 Nd7 14. Nc3 Re8 15. Bxg7 Kxg7 16. Ne4 Nf8 17. Rad1 Bd7 18.
Nf6 Red8 19. Ng5 Be8 20. Ngxh7 Rxd1 21. Rxd1 Nxh7 22. Qxh7+ Kf8 23. Qh8+ Ke7 24. Ng8+ Kf8 25. Nf6+ Ke7 26. Qh4 Kf8 27. Qh6+ Ke7 28. Ng8# 1-0

[Event "*** SCC Grand Prix: Titled Tuesday Blitz"]
[Site "Chess.com"]
[Date "2020.10.06"]
[Round "3"]
[White "Politov_Pavel"]
[Black "vladgoncharov"]
[Result "0-1"]
[WhiteElo "2249"]
[BlackElo "2440"]
[TimeControl "180+1"]
[EndTime "10:25:57 PDT"]
[Termination "vladgoncharov won by resignation"]

1. d4 Nf6 2. Nc3 d5 3. Bf4 c6 4.
Nf3 h6 5. Ne5 Bf5 6. e3 e6 7. Bd3 Bxd3 8. Qxd3 Bb4 9. O-O O-O 10.
Ne2 Nbd7 11. c4 Nxe5 12. Bxe5 Nd7 13. Bg3 Qe7 14. c5 e5 15. Qb3 Bxc5 16. dxc5 Nxc5 17.
Qa3 b6 18. Nd4 Qf6 19. Nf3 Rfe8 20. Rab1 g5 21. Rbc1 Nd7 22. Qc3 Re6 23. b4 a5 24.
a3 axb4 25. axb4 c5 26. bxc5 bxc5 27. Rfd1 d4 28. exd4 exd4 29. Qb3 Rae8 30. h3 Qe7 31. Qb7 f5 32. Bc7 g4 33. hxg4 fxg4 34. Nh2 h5 35. Qd5 Qf7 36. Bg3 Re1+ 0-1

[Event "*** SCC Grand Prix: Titled Tuesday Blitz"]
[Site "Chess.com"]
[Date "2020.10.06"]
[Round "3"]
[White "chessmadara"]
[Black "barbara25"]
[Result "0-1"]
[WhiteElo "2098"]
[BlackElo "2329"]
[TimeControl "180+1"]
[EndTime "10:25:57 PDT"]
[Termination "barbara25 won on time"]

1. e4 c5 2. Nf3 d6 3. d4 cxd4 4. Nxd4 Nf6 5. Nc3 a6 6. Be2 e5 7. Nf3 Be7 8. Bg5 Nbd7 9. O-O O-O 10. a4 b6 11. Nd2 Bb7 12. Bf3 Rc8 13. Qe2 Qc7 14.
Rfc1 Rfd8 15. Bxf6 Nxf6 16. Nd5 Nxd5 17. exd5 f5 18.
c4 e4 19. Bh5 g6 20. Rc3 gxh5 21. Qxh5 Bf6 22. Rg3+ Kh8 23. Qxf5 Rf8 24. Qxe4 Rce8 25. Qd3 Qe7 26. Rb1 Qe2 27. h3 Bc8 28. Qxe2 Rxe2 29. Rd1 Bd4 30. Nf3 Bc5 31. Kf1 Rxf2+ 32. Ke1 Re8+ 0-1

[Event "*** SCC Grand Prix: Titled Tuesday Blitz"]
[Site "Chess.com"]
[Date "2020.10.06"]
[Round "3"]
[White "Kotofeyca"]
[Black "FMKonstantin_Twitch"]
[Result "0-1"]
[WhiteElo "2355"]
[BlackElo "2541"]
[TimeControl "180+1"]
[EndTime "10:25:59 PDT"]
[Termination "FMKonstantin_Twitch won on time"]

1. d4 Nf6 2. c4 e6 3. Nf3 Bb4+ 4. Nbd2 O-O 5. a3 Bxd2+ 6. Bxd2 d6 7. Bg5 Nbd7 8. e3 b6 9. Be2 Bb7 10. O-O Qe8 11.
Nd2 e5 12. d5 Kh8 13. b4 a5 14. Qc2 Ng8 15. e4 Ne7 16. Bg4 Nf6 17. Bxf6 gxf6 18. Bf5 Nxf5 19. exf5 Qe7 20. Ne4 Rg8 21. f3 Bc8 22.
Ng3 Qf8 23. Qe4 Qh6 24. Kh1 Rxg3 25. f4 Rg4 26. g3 Rxg3 27. fxe5 fxe5 28. Rg1 Qf4 29.
Qe2 Rxg1+ 30. Rxg1 Bxf5 31. h3 Be4+ 0-1

[Event "*** SCC Grand Prix: Titled Tuesday Blitz"]
[Site "Chess.com"]
[Date "2020.10.06"]
[Round "3"]
[White "Sueetin"]
[Black "Gulkov_Igor"]
[Result "1-0"]
[WhiteElo "2303"]
[BlackElo "2443"]
[TimeControl "180+1"]
[EndTime "10:26:01 PDT"]
[Termination "Sueetin won by resignation"]

1. d4 Nf6 2. c4 g6 3. Nc3 Bg7 4. Nf3 d6 5. Bg5 h6 6. Bh4 g5 7. Bg3 Nh5 8. e3 c5 9. d5 Nxg3 10.
hxg3 e6 11. Nd2 Nd7 12. dxe6 fxe6 13. Nde4 Bxc3+ 14. bxc3 Nf6 15. Nxd6+ Ke7 16. Nb5 Qxd1+ 17. Rxd1 Bd7 18. Be2 g4 19. f3 h5 20. e4 Bc6 21. e5 Nd7 22. f4 Bxg2 23. Rh2 Bc6 24. Kf2 a6 25. Nd6 Raf8 26. Ke3 Rfg8 27. Bd3 Nf8 28. Be4 1-0

[Event "*** SCC Grand Prix: Titled Tuesday Blitz"]
[Site "Chess.com"]
[Date "2020.10.06"]
[Round "3"]
[White "Piotrek1979"]
[Black "Tooweak2slow03"]
[Result "0-1"]
[WhiteElo "2463"]
[BlackElo "2791"]
[TimeControl "180+1"]
[EndTime "10:26:03 PDT"]
[Termination "Tooweak2slow03 won by resignation"]

1. Nf3 e6 2. e4 d5 3. exd5 exd5 4. d4 Bd6 5. Bd3 Ne7 6. c3 O-O 7. O-O Bf5 8. Bg5 f6 9. Bh4 Nbc6 10. Bg3 Bxd3 11.
Qxd3 Bxg3 12. hxg3 Qd7 13. Nbd2 Rae8 14. Rfe1 Nc8 15.
Rxe8 Rxe8 16. Re1 Rxe1+ 17. Nxe1 Nd6 18. f3 h5 19. Nc2 Ne7 20. Ne3 Qa4 21. a3 Kf7 22. Qh7 Qb5 23. Qxh5+ Kg8 24. Qg4 Kf8 25. Qe6 Qxb2 26. Ndf1 Qxa3 27. Nxd5 Nxd5 28. Qxd5 Qxc3 29. g4 a5 30. g5 a4 31. g6 Qc4 32. Qh5 Qxd4+ 33.
Kh1 Qc4 34. Ne3 Qe6 35. Nd5 Qe1+ 36. Kh2 Qe5+ 37. Qxe5 fxe5 0-1

[Event "*** SCC Grand Prix: Titled Tuesday Blitz"]
[Site "Chess.com"]
[Date "2020.10.06"]
[Round "3"]
[White "JonahWillow"]
[Black "Azerichess"]
[Result "0-1"]
[WhiteElo "2703"]
[BlackElo "2913"]
[TimeControl "180+1"]
[EndTime "10:26:04 PDT"]
[Termination "Azerichess won by resignation"]

1. e4 e5 2. Nf3 Nc6 3. Nc3 Nf6 4. Bb5 Nd4 5. Bc4 Bc5 6. Nxe5 O-O 7. d3 c6 8. Nxf7 Rxf7 9. Bxf7+ Kxf7 10. Be3 d6 11. h3 b5 12. O-O Kg8 13. Nb1 Bb6 14. c3 Ne6 15. Bxb6 axb6 16. Nd2 Qe7 17. d4 c5 18. e5 dxe5 19. dxe5 Nd5 20. Ne4 Bb7 21. Nd6 Ndf4 22. g3 Bc6 23. gxf4 Nxf4 24. Qg4 Qxe5 25. Rfe1 Qxd6 26. Rad1 Qf6 27. a3 Rf8 28. Rd2 Nxh3+ 29. Qxh3 Qg5+ 0-1

[Event "*** SCC Grand Prix: Titled Tuesday Blitz"]
[Site "Chess.com"]
[Date "2020.10.06"]
[Round "3"]
[White "nelsoncopa"]
[Black "CrazyMartian"]
[Result "0-1"]
[WhiteElo "1666"]
[BlackElo "2283"]
[TimeControl "180+1"]
[EndTime "10:26:04 PDT"]
[Termination "CrazyMartian won by checkmate"]

1. d4 d5 2. c4 e6 3. Nc3 Nf6 4. Nf3 Be7 5. Bf4 O-O 6. e3 b6 7. Be2 c5 8. O-O Nc6 9. dxc5 bxc5 10. cxd5 Nxd5 11. Nxd5 exd5 12. Rc1 Be6 13. a3 Qb6 14. Qc2 h6 15. Ne5 Rfc8 16. Nxc6 Rxc6 17. Rfd1 Rd8 18. Qa4 Bd6 19. Bxd6 Rdxd6 20. Bf3 Qxb2 21. Qxa7 c4 22. Rb1 Qf6 23. Rb8+ Kh7 24. Qa8 g6 25. e4 dxe4 26. Rxd6 Rxd6 27. Bxe4 Rd1# 0-1

[Event "*** SCC Grand Prix: Titled Tuesday Blitz"]
[Site "Chess.com"]
[Date "2020.10.06"]
[Round "3"]
[White "rugbyclub"]
[Black "juancruzarias"]
[Result "0-1"]
[WhiteElo "2174"]
[BlackElo "2494"]
[TimeControl "180+1"]
[EndTime "10:26:05 PDT"]
[Termination "juancruzarias won by resignation"]

1. e4 e6 2. d4 d5 3. e5 c5 4.
c3 Qb6 5. Nf3 Nc6 6. a3 Nh6 7.
b4 cxd4 8. cxd4 Nf5 9. Bb2 Be7 10. Bd3 a5 11. b5 a4 12. O-O Ncxd4 13. Nxd4 Nxd4 14.
Qg4 Nb3 15. Qxg7 Rf8 16. Ra2 Bd7 17. Nc3 Nc5 18. Be2 Rc8 19. Bc1 Nb3 20. Qg3 Nxc1 21. Rxc1 d4 22. Rac2 dxc3 23. Rxc3 Rxc3 24. Rxc3 Qd4 25.
h3 Bh4 26. Qf3 Bxf2+ 27. Kh1 Qxe5 0-1

[Event "*** SCC Grand Prix: Titled Tuesday Blitz"]
[Site "Chess.com"]
[Date "2020.10.06"]
[Round "3"]
[White "shriyanasmallya"]
[Black "aa175"]
[Result "0-1"]
[WhiteElo "1625"]
[BlackElo "2300"]
[TimeControl "180+1"]
[EndTime "10:26:05 PDT"]
[Termination "aa175 won by resignation"]

1. e4 c5 2. Nc3 d6 3. f4 Nf6 4. Nf3 Nc6 5. Bb5 Bd7 6. O-O a6 7. Bxc6 Bxc6 8. d3 e5 9. fxe5 dxe5 10. Nxe5 Qd4+ 11. Kh1 Qxe5 12. Bf4 Qh5 13. Qe1 O-O-O 14.
Qf2 c4 15. Qb6 Bd6 16. Bxd6 Rxd6 17. Qb4 Ng4 18. h3 Qe5 19. hxg4 h5 20. g5 h4 21. Rf5 Qg3 22. Rf3 Qe5 23. Rf5 Qe6 24. Raf1 h3 25. g3 cxd3 26. cxd3 Rxd3 27. Rxf7 Rxc3 28. Rf8+ Rxf8 29. Rxf8+ Kc7 30. bxc3 Qxa2 31. Qe7+ Kb6 32. Qb4+ Ka7 33. Qd4+ b6 34. Rf7+ Qxf7 35. g6 Qf1+ 36.
Qg1 Qg2+ 37. Qxg2 hxg2+ 38. Kxg2 Bxe4+ 39. Kf2 Bxg6 40. Ke3 a5 41. Kd4 Kb7 42. Kc4 Kc6 43. g4 Be8 44. Kb3 g5 45. c4 Bd7 46. Ka4 Kc5+ 47. Kb3 Bxg4 0-1

[Event "*** SCC Grand Prix: Titled Tuesday Blitz"]
[Site "Chess.com"]
[Date "2020.10.06"]
[Round "3"]
[White "exoticprincess"]
[Black "hungrycaterpillar4"]
[Result "0-1"]
[WhiteElo "2877"]
[BlackElo "2624"]
[TimeControl "180+1"]
[EndTime "10:26:08 PDT"]
[Termination "hungrycaterpillar4 won on time"]

1. d4 d5 2. Nc3 Nf6 3. Bf4 e6 4.
Nb5 Na6 5. e3 c6 6. Nc3 Nb8 7.
Nf3 Bd6 8. Bd3 O-O 9. Ne5 a6 10. Qf3 c5 11. dxc5 Bxc5 12. O-O-O Nc6 13. Qh3 g6 14.
Qf3 Nxe5 15. Bxe5 Nd7 16. Bg3 Qf6 17. Qe2 b5 18. h4 Bb7 19. h5 Ba3 20. Qd2 Bxb2+ 21.
Kxb2 b4 22. hxg6 fxg6 23. Rh4 a5 24. Rd4 bxc3+ 25. Qxc3 Rfc8 26. Qa3 e5 27. Bxe5 Nxe5 28. Kc1 Qxf2 0-1